 Dungeon Crawl Stone Soup version 0.16.2-12-gd0ad4c3 (webtiles) character file.

54140 faibistes the Thaumaturge (level 14, -27/72 (76) HPs)
             Began as a Deep Elf Wizard on Dec 30, 2017.
             Was the Champion of Sif Muna.
             Killed from afar by a fire dragon (53 damage)
             ... with a blast of flame
             ... on level 8 of the Lair of Beasts.
             The game lasted 02:03:41 (30197 turns).

faibistes the Thaumaturge (Deep Elf Wizard)        Turns: 30197, Time: 02:03:42

HP:   -27/72 (76)   AC:  9    Str:  8    XL:     14   Next: 33%
MP:   21/38         EV: 20    Int: 29    God:    Sif Muna [******]
Gold: 1011          SH:  0    Dex: 13    Spells: 12 memorised, 4 levels left

rFire  . . .     SeeInvis .     w - +6 dagger (venom)
rCold  . . .     Clarity  +     G - +2 robe {MR+}
rNeg   . . .     SustAb   .     (no shield)
rPois  .         Gourm    .     r - +1 hat
rElec  .         Spirit   .     E - +1 cloak
rCorr  .         Warding  .     (no gloves)
rMut   .         Stasis   .     i - +1 pair of boots
MR     ++...                    H - amulet of clarity
Stlth  +.........               B - +4 ring of strength
                                e - +3 ring of evasion

@: repel missiles, very resistant to hostile enchantments, very unstealthy
A: no striking features
a: Channel Energy, Forget Spell, Renounce Religion


You were on level 8 of the Lair of Beasts.
You worshipped Sif Muna.
Sif Muna was exalted by your worship.
You were hungry.

You visited 3 branches of the dungeon, and saw 20 of its levels.

You collected 1086 gold pieces.
You spent 75 gold pieces at shops.

Inventory:

Hand weapons
 b - the +1 hunting sling of False Accusations {speed, +Blink +Inv rN+ Dex+3}
   (You found it on level 1 of the Lair of Beasts)

   Attacks with this weapon are significantly faster.
   It affects your dexterity (+3).
   It protects you from negative energy.
   It lets you turn invisible.
   It lets you blink.
 g - a +0 dagger
 w - a +6 dagger of venom (weapon)
 y - a +0 falchion of holy wrath
Armour
 i - a +1 pair of boots (worn)
 r - a +1 hat (worn)
 E - a +1 cloak (worn)
 G - a +2 robe of magic resistance (worn)
Magical staves
 F - an uncursed staff of poison
Jewellery
 e - a +3 ring of evasion (left hand)
 n - an uncursed ring of protection from magic
 s - an uncursed ring of ice
 B - a +4 ring of strength (right hand)
 H - an amulet of clarity (around neck)
 Y - an uncursed ring of sustain abilities
Magical devices
 c - a wand of paralysis (7)
 D - a wand of cold (10)
 J - a wand of confusion (26)
 P - a wand of cold (3)
 R - a wand of digging (9)
 V - a wand of paralysis (2)
 W - a wand of digging (17)
 Z - a wand of cold (8)
Scrolls
 j - 3 scrolls of teleportation
 l - 11 scrolls of remove curse
 q - 6 scrolls of identify
 t - a scroll of magic mapping
 v - 3 scrolls of blinking
 L - 2 scrolls of recharging
 M - a scroll of immolation
 S - a scroll of amnesia
Potions
 f - 2 potions of restore abilities
 h - a potion of flight
 m - a potion of cancellation
 o - 2 potions of heal wounds
 p - a potion of ambrosia
 u - 3 potions of curing
 x - 3 potions of agility
 z - 2 potions of magic
 I - 2 potions of cure mutation
 K - a potion of berserk rage
 N - a potion of brilliance
 Q - a potion of haste
Books
 O - a book of Spatial Translocations

   Spells                             Type                      Level
   a - Apportation                    Translocation                1
   b - Blink                          Translocation                2
   c - Shroud of Golubria             Charms/Translocation         2
   d - Portal Projectile              Translocation                3
   e - Teleport Other                 Translocation                3
   f - Passage of Golubria            Translocation                4
Comestibles
 a - 8 slices of pizza
 d - 15 bread rations
 k - 3 royal jellies
 A - 7 beef jerkies
 C - 7 meat rations
 T - 4 chunks of flesh


   Skills:
 + Level 4.9 Fighting
 + Level 9.5 Dodging
 - Level 2.4 Stealth
 * Level 14.2 Spellcasting
 + Level 9.6 Conjurations
 * Level 9.6 Charms
 - Level 5.6 Summonings
 - Level 2.1 Necromancy
 - Level 7.2 Translocations
   Level 3.4 Transmutations
 + Level 9.7 Fire Magic
 - Level 4.0 Air Magic
 * Level 5.7 Earth Magic
 - Level 3.0 Poison Magic
 * Level 9.8 Invocations
 + Level 7.6 Evocations


You had 4 spell levels left.
You knew the following spells:

 Your Spells              Type           Power        Failure   Level  Hunger
a - Magic Dart            Conj           ####         1%          1    None
b - Conjure Flame         Conj/Fire      ######..     1%          3    None
c - Animate Skeleton      Necr           N/A          1%          1    None
d - Blink                 Tloc           N/A          1%          2    None
e - Mephitic Cloud        Conj/Pois/Air  ######..     1%          3    None
f - Repel Missiles        Chrm/Air       ######       1%          2    None
g - Recall                Summ/Tloc      N/A          1%          3    None
h - Summon Forest         Summ/Tloc      ######....   8%          5    None
j - Shroud of Golubria    Chrm/Tloc      ######....   1%          2    None
l - Lee's Rapid Deconstr  Erth           ######....   10%         5    None
v - Bolt of Fire          Conj/Fire      ######....   10%         6    ####...
x - Force Lance           Conj/Tloc      ######..     1%          4    None


Dungeon Overview and Level Annotations

Branches:
Dungeon (11/15)            Temple (1/1) D:7            Lair (8/8) D:9
 Shoals (0/5) Lair:3        Snake (0/5) Lair:6        Slime (0/6) Lair:6
    Orc (0/4) D:9

Altars:
Ashenzari
Cheibriados
Dithmenos
Elyvilon
Fedhas
Gozag
Kikubaaqudgha
Makhleb
Nemelex Xobeh
Okawaru
Qazlal
Ru
Sif Muna
Trog
Vehumet
Xom
Yredelemnul
Zin
The Shining One

Shops:
D:8 %   D:9 !


Message History

Confirm with . or Enter, or press ? or * to list all spells.
Aiming: Force Lance
Press: ? - help, Shift-Dir - straight line, f/p - fire dragon
Aim: a fire dragon (heavily wounded, catching its breath)
The lance of force hits the fire dragon.
The fire dragon is severely wounded.
The fire dragon is knocked back by the lance of force.
You are engulfed in a cloud of scalding steam.
A tree reaches out and hits the fire dragon!
The trees move their gnarly branches around.
A tree reaches out and hits the fire dragon!
A root smacks the fire dragon from below.
Your dryad hits the fire dragon but does no damage.
The fire dragon is waved at by a branch.
The fire dragon breathes flames at you. The blast of flame hits your dryad.
Your dryad is burned terribly!
The blast of flame hits you!
Ouch! That really hurt!
You die...

P....##....≈♣♣♣♣♣♣♣♣♣♣
..#........≈≈♣♣.≈♣.♣.♣♣♣♣
.....%......≈≈≈≈≈≈......♣♣
#P.##.......[.≈♣.≈≈.♣♣...♣♣♣
#...P.......♣♣♣♣♣♣≈≈≈♣%.♣..♣♣
##.........#♣♣♣♣.Z♣♣≈≈......♣♣
##....P....#♣...Z.♣♣♣≈≈≈(≈...♣
#...PP....##♣♣..♣♣♣≈♣≈≈≈≈≈≈≈.♣
....P..#..# ♣.♣@≈≈≈≈♣.♣♣♣≈≈..♣
..##...#### ♣♣♣§§≈≈≈.♣♣ ♣≈≈.
.####.## ♣♣.R≈≈≈≈≈♣♣ ♣≈≈ .#
### ♣♣.♣D♣≈≈♣♣♣ ## ♣♣≈≈≈♣.♣♣ ♣
( # ♣≈[≈♣♣♣♣♣.♣... #
♣≈≈≈♣...D≈..≈≈.
♣≈≈≈.≈.≈≈≈≈≈≈≈≈
♣..≈≈≈≈≈≈l≈≈≈≈≈


You could see a fire dragon and a friendly dryad.

Vanquished Creatures
  5 hydras
  3 death yaks
  A fire crab (Lair:5)
  Erolcha (D:8)
  A lindwurm (Lair:7)
  2 griffons
  2 wolf spiders (Lair:8)
  A hornet (Lair:8)
  A manticore (Lair:3)
  12 elephants
  4 black mambas
  A guardian serpent (Lair:8)
  9 spiny frogs
  A queen ant (D:9)
  3 komodo dragons
  A fire drake (Lair:4)
  The ghost of faibistes the Thaumaturge, an experienced DEWz (D:4)
  A polar bear (Lair:8)
  A troll (D:9)
  A hydra skeleton (Lair:7)
  17 blink frogs
  A wandering mushroom (Lair:8)
  A redback (Lair:8)
  5 basilisks
  2 wyverns
  A human (D:8)
  5 hippogriffs
  27 yaks
  Grum (D:7)
  6 soldier ants (D:9)
  12 swamp worms (Lair:5)
  6 nagas (Lair:6)
  7 porcupines
  20 water moccasins
  15 wolves
  2 phantoms
  4 spiders (Lair:8)
  4 necrophages (Lair:6)
  4 orc warriors
  An ice beast (D:8)
  2 spiny frog skeletons (Lair:4)
  3 wasps
  An eye of draining (D:8)
  3 sky beasts
  3 centaurs
  4 ogres
  5 blink frog skeletons
  An elephant skeleton (Lair:7)
  A boring beetle (Lair:5)
  7 crocodiles
  17 giant frogs
  A big kobold (D:7)
  A wyvern zombie (D:8)
  2 scorpions
  4 killer bees (D:8)
  A water moccasin skeleton (Lair:2)
  9 wights
  9 yak skeletons
  A wolf skeleton (Lair:4)
  4 crimson imps
  A gnoll shaman (D:9)
  2 goliath beetles (D:8)
  2 centaur skeletons
  A centaur zombie (D:8)
  12 jellies
  Crazy Yiuf (D:3)
  An ogre skeleton (D:8)
  3 orc priests
  2 giant frog skeletons
  8 hounds
  A giant frog zombie (D:6)
  5 hell rats
  10 orc wizards
  Natasha (twice) (D:6)
  8 iguanas
  18 worker ants
  14 sheep
  A porcupine skeleton (Lair:7)
  Ijyb (D:6)
  A naga skeleton (Lair:6)
  2 hound zombies
  A worker ant zombie (D:6)
  Robin (D:2)
  24 adders
  35 river rats
  2 shadow imps
  9 gnolls
  10 worms
  An adder zombie (D:6)
  3 adder skeletons
  A gnoll skeleton (D:9)
  2 sheep skeletons
  5 giant geckos
  2 oozes
  38 orcs
  A ball python (D:4)
  A bat zombie (D:5)
  7 giant cockroaches
  24 goblins
  14 hobgoblins
  5 jackals
  8 quokkas
  26 bats
  A felid skeleton (D:6)
  13 giant newts
  A giant spore (D:5)
  21 kobolds
  2 orc skeletons (D:8)
  29 rats
  A rat skeleton (D:9)
  6 river rat skeletons
  3 ballistomycetes
  2 butterflies (D:8)
  A fungus (Lair:3)
  2 plants (Lair:8)
670 creatures vanquished.

Vanquished Creatures (collateral kills)
  The ghost of faibistes the Thaumaturge, a powerful DEWz of Sif Muna (Lair:8)
  A catoblepas (Lair:8)
  A death yak (Lair:4)
  8 oklob plants (Lair:2)
  A hornet (Lair:8)
  2 elephants (Lair:6)
  2 black mambas (Lair:8)
  4 spiny frogs
  A komodo dragon (Lair:2)
  A fire drake (Lair:8)
  3 water moccasins
  2 mottled dragons (Lair:8)
  11 blink frogs
  2 basilisks (Lair:8)
  2 steam dragons (Lair:8)
  5 yaks
  A hippogriff (Lair:3)
  8 wolves
  A soldier ant (D:9)
  A swamp worm (Lair:5)
  3 porcupines
  2 swamp drakes (Lair:8)
  An orc warrior (D:9)
  2 necrophages (Lair:6)
  A wasp (Lair:8)
  2 spiders (Lair:8)
  A spiny frog skeleton (Lair:8)
  A boring beetle (Lair:7)
  2 hounds
  4 crocodiles
  4 giant frogs
  3 killer bees (D:8)
  3 jellies (Lair:6)
  2 crimson imps
  An orc priest (D:7)
  2 iguanas
  An orc wizard (D:6)
  7 worker ants (D:9)
  6 sheep
  A hell rat (Lair:4)
  A mummy (D:7)
  6 adders
  35 river rats
  A shadow imp (Lair:8)
  A giant mite (D:9)
  An adder skeleton (D:6)
  A giant gecko (D:9)
  An ooze (Lair:6)
  7 orcs
  Natasha (D:6)
  A bat (D:8)
  A bat zombie (D:7)
  A kobold (D:7)
  2 quokkas
  3 goblins (D:2)
  A rat (Lair:5)
  10 fungi
  11 plants
192 creatures vanquished.

Vanquished Creatures (others)
  A catoblepas skeleton (Lair:8)
  A death yak skeleton (Lair:5)
  A hydra skeleton (Lair:8)
  A guardian serpent skeleton (Lair:8)
  3 black mamba skeletons
  A griffon skeleton (Lair:3)
  2 spiny frog skeletons (Lair:8)
  4 elephant skeletons
  8 blink frog skeletons
  2 fire drake skeletons
  3 komodo dragon skeletons
  A wyvern skeleton (Lair:8)
  5 water moccasin skeletons
  A hippogriff skeleton (Lair:8)
  3 yak skeletons
  10 wolf skeletons
  4 giant frog skeletons
  A centaur skeleton (D:9)
  2 mottled dragon skeletons (Lair:8)
  4 basilisk skeletons
  4 porcupine skeletons
  A necrophage skeleton (Lair:6)
  A big kobold skeleton (D:7)
  An ogre skeleton (D:9)
  2 hound skeletons
  2 crocodile skeletons (Lair:8)
  3 hell rat skeletons (Lair:5)
  A shadow imp (D:8)
  A steam dragon skeleton (Lair:8)
  A swamp drake skeleton (Lair:8)
  A white imp (Lair:8)
  11 adder skeletons
  3 iguana skeletons
  7 sheep skeletons
  A felid skeleton (D:6)
  An orc (D:9)
  2 bat skeletons (D:9)
  3 giant spores
  4 gnoll skeletons (D:9)
  A goblin skeleton (D:7)
  A kobold skeleton (D:7)
  7 orc skeletons
  4 quokka skeletons
  5 rat skeletons
  12 river rat skeletons
  70 fungi
  80 plants
  162 snaplasher vine segments (Lair:6)
450 creatures vanquished.

Grand Total: 1312 creatures vanquished

Notes
Turn   | Place    | Note
--------------------------------------------------------------
     0 | D:1      | faibistes, the Deep Elf Wizard, began the quest for the Orb.
     0 | D:1      | Reached XP level 1. HP: 10/10 MP: 6/6
   475 | D:1      | Reached XP level 2. HP: 15/15 MP: 5/10
   503 | D:1      | Learned a level 2 spell: Blink
   506 | D:1      | Learned a level 2 spell: Call Imp
   840 | D:1      | Reached skill level 5 in Spellcasting
  1113 | D:2      | Reached XP level 3. HP: 19/19 MP: 8/14
  1118 | D:2      | Learned a level 3 spell: Conjure Flame
  1122 | D:2      | Learned a level 3 spell: Mephitic Cloud
  1192 | D:2      | Noticed Robin
  1349 | D:2      | Killed Robin
  1510 | D:2      | Found an iron altar of Okawaru.
  1574 | D:2      | Learned a level 2 spell: Repel Missiles
  1601 | D:2      | Reached XP level 4. HP: 18/24 MP: 1/17
  1835 | D:3      | Found a snail-covered altar of Cheibriados.
  1847 | D:3      | Reached skill level 6 in Spellcasting
  3021 | D:3      | Reached XP level 5. HP: 28/28 MP: 11/21
  3360 | D:3      | Reached skill level 7 in Spellcasting
  3720 | D:3      | Noticed Crazy Yiuf
  3727 | D:3      | Killed Crazy Yiuf
  3727 | D:3      | Reached XP level 6. HP: 32/32 MP: 14/23
  3967 | D:3      | Found a deep blue altar of Sif Muna.
  3967 | D:3      | Found a sparkling altar of Nemelex Xobeh.
  3974 | D:3      | Became a worshipper of Sif Muna the Loreminder
  4094 | D:4      | Noticed faibistes' ghost (experienced DEWz)
  4101 | D:4      | Killed faibistes' ghost
  4101 | D:4      | Reached skill level 8 in Spellcasting
  4101 | D:4      | Reached XP level 7. HP: 32/36 MP: 19/26
  4336 | D:5      | Entered Level 5 of the Dungeon
  4680 | D:3      | Reached skill level 1 in Air Magic
  4915 | D:4      | Reached skill level 1 in Fire Magic
  6251 | D:6      | Reached skill level 1 in Poison Magic
  6444 | D:6      | Acquired Sif Muna's first power
  6444 | D:6      | Reached skill level 5 in Dodging
  6519 | D:6      | Reached XP level 8. HP: 41/41 MP: 11/27
  6980 | D:6      | Noticed Ijyb
  6991 | D:6      | Killed Ijyb
  7118 | D:6      | Learned a level 1 spell: Animate Skeleton
  7209 | D:6      | Noticed Natasha
  7216 | D:6      | Killed Natasha
  7220 | D:6      | Acquired Sif Muna's second power
  7222 | D:6      | Noticed Natasha
  7234 | D:6      | Killed Natasha
  7292 | D:7      | Found a staircase to the Ecumenical Temple.
  7320 | D:8      | Reached skill level 5 in Conjurations
  7372 | Temple   | Entered the Ecumenical Temple
  7662 | D:6      | Killed Natasha
  7712 | D:6      | Found a white marble altar of Elyvilon.
  7712 | D:6      | Found a shadowy altar of Dithmenos.
  7797 | D:6      | Reached skill level 9 in Spellcasting
  7819 | D:6      | Found a shimmering altar of Xom.
  7820 | D:6      | Found a burning altar of Makhleb.
  7840 | D:6      | Reached skill level 1 in Necromancy
  7905 | D:6      | Your ally Natasha died
  7908 | D:6      | Your ally Natasha died
  8514 | D:7      | Reached XP level 9. HP: 45/45 MP: 13/29
  8613 | D:8      | Noticed Grum
  8764 | D:7      | Killed Grum
  8845 | D:7      | Acquired Sif Muna's third power
  8845 | D:7      | Reached skill level 11 in Spellcasting
  8845 | D:7      | Reached XP level 10. HP: 44/54 MP: 25/32
  9014 | D:7      | Found a stormy altar of Qazlal.
  9663 | D:8      | Found Gigasuuz's Food Shop.
 10046 | D:8      | Noticed Erolcha
 10067 | D:8      | Killed Erolcha
 10101 | D:8      | Reached skill level 5 in Invocations
 10409 | D:8      | Your ally Erolcha died
 10856 | D:9      | Found Joigola's Distillery.
 10897 | D:9      | Found a shattered altar of Ashenzari.
 10921 | D:9      | Bought a potion of heal wounds for 75 gold pieces
 11334 | D:9      | Found a glowing silver altar of Zin.
 11344 | D:9      | Reached XP level 11. HP: 52/59 MP: 14/33
 11360 | D:9      | Reached skill level 5 in Translocations
 11371 | D:9      | Reached skill level 5 in Charms
 12369 | D:9      | Found a staircase to the Orcish Mines.
 12394 | D:9      | Found a staircase to the Lair.
 12588 | D:10     | Entered Level 10 of the Dungeon
 12960 | D:9      | Reached skill level 12 in Spellcasting
 13535 | Lair:1   | Entered Level 1 of the Lair of Beasts
 13616 | Lair:1   | Received a gift from Sif Muna
 13617 | Lair:1   | Identified Joogoqetui's Collected Works on Fiery Conjuration (Sif Muna gifted it to you on level 1 of the Lair of Beasts)
 14402 | Lair:1   | Reached skill level 5 in Evocations
 14549 | Lair:1   | Noticed an eight-headed hydra
 14558 | Lair:1   | Killed an eight-headed hydra
 14706 | Lair:1   | Got a dazzling hunting sling
 14707 | Lair:1   | Identified the +1 hunting sling of False Accusations {speed, +Blink +Inv rN+ Dex+3} (You found it on level 1 of the Lair of Beasts)
 15748 | Lair:2   | Reached XP level 12. HP: 64/64 MP: 25/35
 16222 | Lair:3   | Identified Sif Muna's Catalogue of Summoning and Dislocation
 16244 | Lair:2   | Learned a level 5 spell: Summon Forest
 18224 | Lair:2   | Learned a level 5 spell: Lee's Rapid Deconstruction
 18229 | Lair:2   | Learned a level 4 spell: Petrify
 18233 | Lair:2   | Learned a level 3 spell: Stone Arrow
 18488 | Lair:3   | Received a gift from Sif Muna
 18509 | Lair:3   | Reached skill level 5 in Summonings
 18561 | Lair:3   | Learned a level 4 spell: Force Lance
 18654 | Lair:3   | Found a staircase to the Shoals.
 18668 | Lair:3   | Reached skill level 1 in Earth Magic
 18684 | Lair:3   | Reached skill level 13 in Spellcasting
 18692 | Lair:3   | Reached skill level 1 in Transmutations
 19905 | Lair:5   | Identified a scroll of acquirement
 20099 | Lair:5   | Learned a level 5 spell: Bolt of Magma
 20100 | Lair:6   | Noticed a four-headed hydra
 20698 | Lair:6   | Reached XP level 13. HP: 66/66 MP: 16/36
 21063 | Lair:6   | Learned a level 3 spell: Recall
 21153 | Lair:6   | Found a staircase to the Snake Pit.
 21172 | Lair:6   | Killed a four-headed hydra
 23841 | Lair:5   | Received a gift from Sif Muna
 23842 | Lair:5   | Identified Weotzio's Guide on Flying Conjuration (Sif Muna gifted it to you on level 5 of the Lair of Beasts)
 23852 | Lair:5   | Learned a level 6 spell: Bolt of Fire
 24816 | Lair:6   | Found a staircase to the Slime Pits.
 25727 | Lair:8   | Entered Level 8 of the Lair of Beasts
 28261 | Lair:8   | Reached XP level 14. HP: 60/72 MP: 20/37
 28609 | Lair:8   | Reached skill level 5 in Earth Magic
 28651 | Lair:8   | Reached skill level 14 in Spellcasting
 28772 | Lair:8   | Noticed faibistes' ghost (powerful DEWz)
 28787 | Lair:8   | Killed faibistes' ghost
 29154 | Lair:8   | Learned a level 2 spell: Shroud of Golubria
 30197 | Lair:8   | Killed from afar by a fire dragon

Action                   |  1- 3 |  4- 6 |  7- 9 | 10-12 | 13-15 || total
-------------------------+-------+-------+-------+-------+-------++-------
Melee: Dagger            |     2 |    14 |    75 |   409 |   159 ||   659
 Cast: Magic Dart        |   108 |   127 |   197 |   369 |    44 ||   845
       Call Imp          |     2 |       |     2 |       |       ||     4
       Mephitic Cloud    |     1 |     7 |    23 |   101 |    20 ||   152
       Repel Missiles    |     1 |     1 |       |     2 |       ||     4
       Conjure Flame     |       |     9 |    30 |   111 |    66 ||   216
       Blink             |       |       |     4 |     8 |     5 ||    17
       Animate Skeleton  |       |       |    13 |    95 |    99 ||   207
       Bolt of Magma     |       |       |       |    14 |    26 ||    40
       Force Lance       |       |       |       |    12 |    98 ||   110
       Stone Arrow       |       |       |       |     4 |       ||     4
       Bolt of Fire      |       |       |       |       |    60 ||    60
       Lee's Rapid Decon |       |       |       |       |    41 ||    41
       Recall            |       |       |       |       |     6 ||     6
       Summon Forest     |       |       |       |       |     3 ||     3
Invok: Channel Energy    |       |       |       |    29 |    18 ||    47
       Forget Spell      |       |       |       |       |     1 ||     1
Evoke: Wand              |       |       |       |     5 |     5 ||    10
  Use: Scroll            |       |     4 |    22 |    14 |     4 ||    44
       Potion            |       |       |     1 |     1 |     1 ||     3
 Stab: Confused          |     1 |     1 |     2 |    24 |     7 ||    35
       Sleeping          |       |     2 |     1 |     2 |       ||     5
       Distracted        |       |       |       |       |     2 ||     2
       Paralysed         |       |       |       |       |     8 ||     8
  Eat: Chunk             |     2 |     8 |    14 |    33 |    24 ||    81
       Beef jerky        |       |       |       |     4 |     2 ||     6
       Fruit             |       |       |       |     3 |     4 ||     7
       Pizza             |       |       |       |       |     3 ||     3
       Royal jelly       |       |       |       |       |     1 ||     1
       Bread ration      |       |       |       |       |     1 ||     1
